Map: Ley Lines

Players

wootwoot - Winner!

  • Race: Terran Terran
  • League: Diamond
  • Spawn Location: 7:00

thaichili

  • Race: Terran Terran
  • League: Diamond
  • Spawn Location: 1:00

VOD

Have the link to the VOD?

Description

Time

  • Played on: April 22, 2025, 9:47 a.m.
  • Length: 3:00
Show
View Real Time Build Order
Export as new Build Order

wootwoot Terran - Winner!

Build Orders:  

Get SALT Encoding   

  12  0:00  SCV  
  13  0:12  SCV  
  14  0:18  Supply Depot  
  14  0:24  SCV  
  15  0:30  Refinery  
  15  0:44  Barracks  
  15  0:59  Barracks  
  15  1:16  Barracks  
  15  1:31  Reaper  
  16  1:35  Refinery  
  16  1:46  Reaper  
  17  1:55  Orbital Command  
  17  2:03  Reaper  
  17  2:06  Reaper  
  18  2:31  SCV  
  19  2:43  SCV  
Show
View Real Time Build Order
Export as new Build Order

thaichili Terran 

Build Orders:  

Get SALT Encoding   

  12  0:00  SCV  
  13  0:13  SCV  
  14  0:17  Supply Depot  
  14  0:29  SCV  
  15  0:46  SCV  
  16  0:57  Barracks  
  16  0:59  Barracks  
  16  1:08  Barracks  
  16  1:13  SCV  
  17  1:21  Supply Depot  
  17  1:26  SCV  
  18  1:46  Marine  
  19  1:47  Marine  
  20  1:56  Marine  
  21  2:02  Bunker  
  21  2:05  Marine x2  
  23  2:08  Orbital Command  
  23  2:09  Refinery  
  23  2:14  Marine  
  22  2:25  Marine x2  
  23  2:31  Marine  
Tags
 
Matchup
TvT
Race
Terran
Replay Pack
#1B2M-Replays
Spawn Locations
Cross Positions
Add a new tag
Caveats
  • Supply blocks, unpowered buildings, or Contaminate may cause inaccurate times.
  • Supply counts are checked every 10 seconds.